AoeStats
← DK_Odysseo

Arabia

508501531Analyzed
1v1 RM · 10d ago on Sep 22, 2026· 14m 12s· 2 players
Game mode
Random Map
Map size
Tiny (2 player)
Population
200
Speed
Normal
Resources
Standard
Victory
Conquest
Starting age
Dark Age
Ending age
Imperial Age
RankedLock teamsTeams togetherTeam positionsShared explorationLock speedFull tech treeHidden civsTurbo modeCheats
Victory
Defeat
🇲🇽 Hindustanis · Mexico
1831
+20
🇪🇸 Chinese · Spain
1911
-20
VL Droga0
5:53 Loom
8:53 Feudal Age
9:49 Double-Bit Axe
DK_Odysseo
0:26 Loom
8:43 Feudal Age
9:13 Double-Bit Axe
10:21 Horse Collar
13:16 Fletching
Connection lost

Rejoining the realm…

Still unreachable

The connection could not be restored.

Session expired

The server has moved on; the page needs a fresh start.